← All builds
Tech / Armada / Economy first / OBSERVED BUILD

Standard tech

Armada Tech (Eco) build order · Supreme Isthmus

Rushes T2 by 4:15, gets Advanced Metal Extractor around 5:28, hands off T2 constructors to Geo and the team, then scales eco and supplies the team's T2 needs through the rest of the game.

Usually first T2 con to Geo (83%)

#eco #t2 #team support · 1602 distinct matches · 255 players · 60% of Armada Tech games · team won 53% of 1912 · Recently observed

HOW TO PLAY IT

Key timing: T2 factory by 4:15

  1. Open 3 mex and heavy wind to fund a fast T2 rush.
  2. Put down Bot Lab, planning to eat it for reclaim soon after.
  3. Get Advanced Bot Lab up, hitting the T2 factory rush timing.
  4. Upgrade mex to Advanced Metal Extractor to lock in team metal income.
  5. Eat Advanced Bot Lab and keep sending cons to Geo and Pond.

Phase by phase

TYPICAL OF ITS 1602 GAMES
  1. 1
  2. 2
  3. 3
  4. 4
PLAY THE OPENING

Follow the example game's first 6:00 step by step: what to build now, what comes next, and where it goes. At 1× it keeps pace with your own game.

  1. 1

    Up to the Bot Lab

    Economy
    • Metal Extractor3Mex
    • Wind Turbine4Wind
    Order
    1. Bot LabBot Lab after 3 mex, 4 winddone ~1:18, middle half 1:13–1:32

    Some games also: energy storage (31%)

    By 1:01 in all: 3 mex · 4 wind

    The example game in this phase · 6 steps
    1. Mex ×2
    2. Wind
    3. Mex
    4. Wind ×4
    5. Energy storage
    6. Bot LabBot Labdone 1:40 · typical 1:18
  2. 2

    Bot Lab to Advanced Bot Lab

    Economy
    • Metal Extractor1Mex
    • Wind Turbine8Wind
    • Energy Storage1Energy storage
    Order
    1. Advanced Bot LabAdvanced Bot Lab after 4 mex, 12 wind, 3 con turretdone ~4:16, middle half 4:04–4:30
    Builders
    • Construction Turret3 Con turret
    • Lazarus3 Lazarus
    • Construction Bot2 Con bot
    • Construction Bot1 Con bot for allies

    Some games also: converter (36%)

    By 3:18 in all: 4 mex · 12 wind · 1 energy storage · 3 con turret

    The example game in this phase · 16 steps
    1. Wind
    2. LazarusLazarus
    3. Wind ×3
    4. Construction BotCon bot
    5. Wind ×2
    6. Construction BotCon botfor unknown
    7. Con turret
    8. Construction BotCon bot
    9. Con turret
    10. Mex
    11. Wind
    12. LazarusLazarus
    13. Wind
    14. Con turret
    15. Wind ×2
    16. Advanced Bot LabAdvanced Bot Labdone 4:09 · typical 4:16
  3. 3

    Advanced Bot Lab to 5:00

    Economy
    • Wind Turbine3Wind
    Order
    1. Bot LabEat Bot Lab
    Builders
    • Advanced Construction Bot1 T2 con bot for allies

    Some games also: converter (35%)

    By 5:00 in all: 4 mex · 15 wind · 1 converter · 1 energy storage · 3 con turret

    The example game in this phase · 6 steps
    1. Wind ×2
    2. Bot LabEat Bot Labreclaimed for its metal
    3. Converter
    4. Advanced Construction BotT2 con botfor Geo
    5. FatboyFatboyfor Ponddone 5:13
    6. Advanced Metal ExtractorT2 mexdone 6:07 · typical 5:29
  4. 4

    5:00 to 10:00

    Economy
    • Wind Turbine43Wind
    • Energy Converter6Converter
    Builders
    • Butler9 Butler
    • Advanced Construction Bot4 T2 con bot for allies
    • Advanced Construction Bot1 T2 con bot

    Some games also: con turret (43%) · Butler for allies (37%)

    By 10:00 in all: 4 mex · 58 wind · 8 converter · 1 energy storage · 3 con turret

    The example game in this phase · 162 steps
    1. Advanced Construction BotT2 con bot
    2. Advanced Construction BotT2 con botfor unknown
    3. Advanced Metal ExtractorT2 mex ×2
    4. Advanced Construction BotT2 con botfor Geo sea
    5. Converter
    6. Advanced Construction BotT2 con botfor Beach sea
    7. Converter
    8. Advanced Metal ExtractorT2 mex
    9. Advanced Construction BotT2 con botfor Pond
    10. Converter
    11. ButlerButler ×3
    12. Wind
    13. ButlerButler
    14. Wind
    15. ButlerButler
    16. Wind
    17. ButlerButler
    18. Wind
    19. ButlerButler
    20. Wind
    21. Converter
    22. ButlerButler
    23. Wind
    24. Converter
    25. ButlerButler
    26. Wind
    27. Converter
    28. Wind
    29. ButlerButler
    30. Wind ×7
    31. ButlerButler
    32. Wind
    33. Converter
    34. Wind
    35. ButlerButler
    36. Wind ×3
    37. Converter
    38. Wind ×2
    39. ButlerButler
    40. Converter
    41. Wind ×6
    42. UmbrellaAnti-nukedone 11:10
    43. Wind ×4
    44. Converter
    45. Wind ×5
    46. Converter
    47. Wind ×7
    48. Converter
    49. Wind ×6
    50. Converter
    51. Wind ×6
    52. Converter
    53. Wind ×6
    54. Advanced Construction BotT2 con bot
    55. Converter
    56. Wind ×4
    57. Converter
    58. Wind ×6
    59. Converter
    60. Wind ×4
    61. Metal storage
    62. Wind
    63. TracerTracer
    64. Wind ×4
    65. Converter
    66. Wind ×9
    67. Converter
    68. Wind ×7
    69. Converter
    70. Wind ×5
    71. Con turret
    72. Wind ×3
    73. Advanced Bot LabEat Advanced Bot Labreclaimed for its metal
    74. Wind
    75. Converter
    76. Wind ×6
    77. Con turret
    78. Wind
    79. Converter
    80. Wind ×4
    81. Fusion ReactorFusiondone 13:18
    82. Wind
    83. Con turret
    84. Wind ×3
    85. Con turret
    86. Wind
    87. Converter
    88. Wind ×4
    89. Con turret
    90. Wind ×5
    91. Converter
    92. Wind ×7
    93. Converter
    94. Wind ×9
    95. Converter
    96. Wind ×4
    97. Converter
    98. Wind ×10
    99. Converter
    100. CitadelAnti-nukedone 14:23
    101. Wind ×8
    102. Bot LabBot Labdone 14:24
    103. Wind ×2
    104. Con turret
    105. Converter
    106. Wind ×6
    107. Converter
    108. Wind ×7
    109. Converter
    110. Wind ×5
    111. Con turret
    112. Wind ×3
    113. Converter
    114. Wind ×6
    115. Con turret
    116. Wind
    117. Converter
    118. Wind ×3
    119. Fortification WallFortification Wall
    120. Wind ×3
    121. TickTick ×2
    122. Wind
    123. Fortification WallFortification Wall
    124. TickTick
    125. Wind
    126. TickTick ×2
    127. Converter
    128. Wind
    129. LazarusLazarus
    130. Wind ×3
    131. Fortification WallFortification Wall
    132. LazarusLazarus
    133. Fortification WallFortification Wall
    134. Wind
    135. Fortification WallFortification Wall
    136. LazarusLazarus
    137. Fortification WallFortification Wall ×2
    138. Wind
    139. LazarusLazarus
    140. Wind
    141. Converter
    142. Fortification WallFortification Wall
    143. LazarusLazarus
    144. TickTick
    145. Wind
    146. TickTick
    147. Wind
    148. TickTick
    149. Wind ×2
    150. TickTick
    151. Wind
    152. T2 converter
    153. TickTick
    154. Converter
    155. TickTick
    156. Wind ×2
    157. TickTick
    158. Wind
    159. TickTick
    160. Wind ×2
    161. TickTick ×2
    162. Wind ×2

Counts are medians over the build's games: half of them build more, half fewer. The example game is bob7's (31 OS, 04/10/2026); pick another.

Team trades

IN AT LEAST 30% OF ITS GAMES

You hand over

  • Construction Bot1 Con bot to Airfirst at 2:23 · in 84% of games
  • Advanced Construction Bot5 T2 con bot to Air or Geo sea or Pondfirst at 4:50 · in 99% of games
  • Butler2 Butler to Geo sea or Beach sea or Pondfirst at 9:06 · in 42% of games

You get

  • Hercules1 Light transport from Airfirst at 4:01 · in 86% of games

How it plays out

Typical game of this build, running totals by minute

Metal produced

020k40k
0:005:0010:0015:00

metal

Enemy metal destroyed

050100150
0:005:0010:0015:00

metal

Own metal lost

050100150
0:005:0010:0015:00

metal

1912 games.

Show as table
ByMetal produced: This buildEnemy metal destroyed: This buildOwn metal lost: This build
1:0038300
2:0091500
3:00165200
4:00314400
5:00484800
6:00579900
7:00722700
8:00906500
9:001118000
10:001352000
11:001624200
12:001965200
13:002343000
14:0027286074
15:0031503108130
WHAT THE NUMBERS SAY

Standard Tech play barely fights at all early, instead pouring metal into T2 infrastructure and constructors for the team.

  • + Metal produced hits 31679 by 15:00, by far the highest of any role here.
  • + T2 factory reached in 97% of games by 4:15, fastest and most reliable T2 timing.
  • − Enemy metal destroyed stays at 0 through 10:00, no early offense at all.
  • − Own metal lost also near 0, showing total avoidance of combat risk.
THE EXAMPLE YOU ARE READING

bob7

31.4 OS · 04/10/2026

Open source match ↗

1 received units
1978 metal received · 53410 energy received

Allied construction assistance is unknown. Timings are observations, not a promise of solo reproducibility.

Typical milestones

Bot Lab1:18Middle 50%: 1:13–1:32 · n=1912
Advanced Bot Lab4:16Middle 50%: 4:04–4:30 · n=1905
Advanced Metal Extractor5:29Middle 50%: 5:05–5:59 · n=1908

Played most by

Amrissa97games of this buildTheGeneraI70games of this buildAdeus57games of this buildEl_Turco55games of this buildKOT_44games of this build